 Dungeon Crawl Stone Soup version 0.27.1-1-g398f81649c (webtiles) character file.

Game seed: 1360680130810073229

832 AZSletch the Grasshopper (level 7, -2/56 HPs)
             Began as a Gnoll Warper on Sept 14, 2021.
             Was an Initiate of Hepliaklqana.
             Slain by a sky beast (6 damage)
             ... on level 6 of the Dungeon.
             The game lasted 00:29:13 (7191 turns).

AZSletch the Grasshopper (Gnoll Warper)             Turns: 7191, Time: 00:29:14

Health: -2/56      AC:  4    Str: 13    XL:     7   Next: 98%
Magic:  12/15      EV: 13    Int: 12    God:    Hepliaklqana [......]
Gold:   272        SH:  9    Dex: 11    Spells: 11/17 levels left

rFire    . . .     SeeInvis .   a - +0 spear
rCold    . . .     Faith    .   o - +0 buckler
rNeg     . . .     Spirit   .   b - +0 leather armour
rPois    .         Reflect  +   (no helmet)
rElec    .         Harm     .   C - +0 cloak
rCorr    .         Rampage  .   (no gloves)
Will     .....                  (no boots)
Stlth    ++........             i - amulet of reflection
HPRegen  0.18/turn              (no ring)
MPRegen  0.14/turn              (no ring)

@: no status effects
A: fangs 1, strong nose, distributed training
a: Renounce Religion


You were on level 6 of the Dungeon.
You worshipped Hepliaklqana.
Hepliaklqana was noncommittal.
You visited 2 branches of the dungeon, and saw 7 of its levels.

You collected 272 gold pieces.

Inventory:

Hand Weapons
 a - a +0 spear (weapon)
 D - a +1 whip of freezing
Missiles
 d - 5 boomerangs of dispersal
 j - 2 throwing nets
 m - 140 stones
 p - 42 poisoned darts (quivered)
Armour
 b - a +0 leather armour (worn)
 o - a +0 buckler (worn)
 C - a +0 cloak (worn)
Jewellery
 i - an amulet of reflection (around neck)
 y - an amulet of faith
Wands
 x - a wand of iceblast (6)
Scrolls
 c - a scroll of blinking
 e - 2 scrolls of amnesia {unknown}
 g - 4 scrolls of identify {unknown}
 h - a scroll of magic mapping {unknown}
 l - 4 scrolls of teleportation {unknown}
 n - a scroll of acquirement {unknown}
 t - 2 scrolls of torment {unknown}
 u - a scroll of brand weapon {unknown}
 v - a scroll of noise {unknown}
 w - a scroll of enchant weapon {unknown}
Potions
 f - a potion of invisibility {unknown}
 k - a potion of berserk rage {unknown}
 q - a potion of flight {unknown}
 r - 3 potions of might {unknown}
 s - a potion of lignification {unknown}
 z - a potion of brilliance {unknown}
 A - 2 potions of heal wounds {unknown}
 B - 2 potions of curing {unknown}


   Skills:
 + Level 5.4 Fighting
 + Level 2.8 Short Blades
 + Level 2.8 Long Blades
 + Level 2.8 Axes
 + Level 2.8 Maces & Flails
 + Level 5.4 Polearms
 + Level 2.8 Staves
 + Level 2.8 Slings
 + Level 2.8 Bows
 + Level 2.8 Crossbows
 + Level 3.9 Throwing
 + Level 3.9 Armour
 + Level 5.4 Dodging
 + Level 2.8 Stealth
 + Level 2.8 Shields
 + Level 2.8 Unarmed Combat
 + Level 5.8 Spellcasting
 + Level 2.3 Conjurations
 + Level 2.3 Hexes
 + Level 2.3 Summonings
 + Level 2.3 Necromancy
 + Level 5.9 Translocations
 + Level 2.3 Transmutations
 + Level 2.3 Fire Magic
 + Level 2.3 Ice Magic
 + Level 2.3 Air Magic
 + Level 2.3 Earth Magic
 + Level 2.3 Poison Magic
 + Level 3.1 Invocations
 + Level 2.8 Evocations


You had 11 spell levels left.
You knew the following spells:

 Your Spells              Type           Power      Damage    Failure   Level
a - Blink                 Tloc           N/A        N/A       3%          2
b - Teleport Other        Tloc           17%        N/A       7%          3
c - Animate Skeleton      Necr           18%        N/A       11%         1

Your spell library contained the following spells:

 Spells                   Type           Power      Damage    Failure   Level
 Apportation              Tloc           34%        N/A       2%          1
 Gell's Gravitas          Tloc           8%         N/A       7%          3
 Lesser Beckoning         Tloc           8%         N/A       7%          3
 Corona                   Hex            10%        N/A       11%         1
 Summon Small Mammal      Summ           36%        N/A       11%         1
 Manifold Assault         Tloc           17%        N/A       54%         5
 Airstrike                Air            4%         N/A       71%         4
 Summon Lightning Spire   Summ/Air       9%         N/A       71%         4
 Lightning Bolt           Conj/Air       4%         1d16      96%         5


Dungeon Overview and Level Annotations

Branches:
Dungeon (6/15)             Temple (1/1) D:5

Altars:
Ashenzari
Dithmenos
Elyvilon
Hepliaklqana
Kikubaaqudgha
Makhleb
Nemelex Xobeh
Okawaru
Ru
Trog
Uskayaw
Vehumet
Wu Jian
Xom
Yredelemnul

Annotations:
D:6 Blork the orc


Innate Abilities, Weirdness & Mutations

You have very sharp teeth.
Your uncanny sense of smell can sniff out nearby items.
Your experience applies equally to all skills.


Message History

The ice beast is moderately wounded.
The ice beast closely misses you.
You hit the ice beast.
The ice beast is heavily wounded.
You hit the ice beast but do no damage.
The ice beast is heavily wounded.
The ice beast hits you. The ice beast freezes you!
You barely miss the ice beast.
The ice beast is heavily wounded.
The ice beast hits you but does no damage.
You hit the ice beast.
The ice beast is severely wounded.
The ice beast hits you but does no damage.
You hit the ice beast.
The ice beast is almost dead.
The ice beast hits you. The ice beast freezes you!
* * * LOW HITPOINT WARNING * * *
You barely miss the ice beast.
The ice beast is almost dead.
The ice beast closely misses you.
Casting: Blink (safe; 3% risk of failure)
Confirm with . or Enter, or press ? or * to list all spells.
You blink.
Throw: 43 darts (poison)
Press: ? - help, Q - select action, (/) - cycle Shift-Dir - straight line, f/p - ice beast
Aim: an ice beast (almost dead, poisoned, 59% to hit)
You throw a poisoned dart. The poisoned dart hits the ice beast!
The ice beast is almost dead.
Casting: Blink (safe; 3% risk of failure)
Confirm with . or Enter, or press ? or * to list all spells.
You blink.
Found a stone staircase leading down.
You kill the ice beast!
A sky beast comes into view.
The sky beast flickers out of sight!
Deactivating autopickup; reactivate with Ctrl-A.
There is a stone staircase leading down here.
Something hits you.
* * * LOW HITPOINT WARNING * * *
Something shocks you.
You die...

.### ...##. ##...# ..#
##...... .....##...
####....... #.......#
..........## #.......#
..........##.##.......##
..........# ...........
...ยง.((...#####.{....#
.....(..........@....#
..........########.#.#
........### # #.........
#.......... #..........
#.......... .......
.......


There were no monsters in sight!

Vanquished Creatures
  An ice beast (D:6)
  A necrophage (D:4)
  2 ogres
  A kobold brigand (D:5)
  2 hounds (D:5)
  2 centaur skeletons
  An orc priest (D:4)
  A jelly (D:6)
  A bullfrog skeleton (D:5)
  Jessica (D:2)
  An iguana (D:5)
  Robin (D:4)
  5 adders
  A white imp (D:5)
  An ufetubus (D:5)
  3 worms
  An adder skeleton (D:4)
  2 dart slugs (D:4)
  8 orcs (D:4)
  5 ball pythons
  7 endoplasms
  3 giant cockroaches
  11 goblins
  15 hobgoblins
  7 jackals
  6 kobolds
  3 quokkas
  6 bats
  2 frilled lizards
  8 rats
109 creatures vanquished.

Notes
Turn   | Place    | Note
-------+----------+-------------------------------------------
     0 | D:1      | AZSletch the Gnoll Warper began the quest for the Orb.
     0 | D:1      | Reached XP level 1. HP: 20/20 MP: 6/6
   338 | D:1      | Reached XP level 2. HP: 24/26 MP: 7/7
   342 | D:1      | Learned a level 2 spell: Blink
   460 | D:1      | Found a faded altar of an unknown god.
  1024 | D:1      | Reached XP level 3. HP: 31/31 MP: 9/9
  1039 | D:1      | Reached skill level 5 in Spellcasting
  1114 | D:1      | Learned a level 3 spell: Teleport Other
  1520 | D:2      | Noticed Jessica
  1577 | D:2      | Reached skill level 1 in Invocations
  1844 | D:2      | Reached skill level 1 in Short Blades
  1844 | D:2      | Reached skill level 1 in Long Blades
  1844 | D:2      | Reached skill level 1 in Axes
  1844 | D:2      | Reached skill level 1 in Maces & Flails
  1844 | D:2      | Reached skill level 1 in Staves
  1844 | D:2      | Reached skill level 1 in Slings
  1844 | D:2      | Reached skill level 1 in Bows
  1844 | D:2      | Reached skill level 1 in Crossbows
  1844 | D:2      | Reached skill level 1 in Stealth
  1844 | D:2      | Reached skill level 1 in Shields
  1844 | D:2      | Reached skill level 1 in Unarmed Combat
  1844 | D:2      | Reached skill level 1 in Evocations
  2126 | D:2      | Reached XP level 4. HP: 38/38 MP: 11/11
  2634 | D:2      | Killed Jessica
  2635 | D:2      | Reached skill level 1 in Conjurations
  2635 | D:2      | Reached skill level 1 in Hexes
  2635 | D:2      | Reached skill level 1 in Summonings
  2635 | D:2      | Reached skill level 1 in Necromancy
  2635 | D:2      | Reached skill level 1 in Transmutations
  2635 | D:2      | Reached skill level 1 in Fire Magic
  2635 | D:2      | Reached skill level 1 in Ice Magic
  2635 | D:2      | Reached skill level 1 in Air Magic
  2635 | D:2      | Reached skill level 1 in Earth Magic
  2635 | D:2      | Reached skill level 1 in Poison Magic
  2739 | D:3      | Reached XP level 5. HP: 42/43 MP: 12/12
  3412 | D:4      | Noticed Robin
  3720 | D:4      | Killed Robin
  4254 | D:4      | Noticed a necrophage
  4283 | D:4      | Killed a necrophage
  4284 | D:4      | Reached XP level 6. HP: 13/50 MP: 12/14
  4296 | D:4      | Learned a level 1 spell: Animate Skeleton
  4535 | D:4      | Reached skill level 5 in Fighting
  4535 | D:4      | Reached skill level 5 in Polearms
  4535 | D:4      | Reached skill level 5 in Dodging
  4990 | D:4      | Found a broken altar of Ashenzari.
  5245 | D:5      | Entered Level 5 of the Dungeon
  5268 | D:5      | Reached XP level 7. HP: 56/56 MP: 15/15
  5562 | D:5      | Found a staircase to the Ecumenical Temple.
  5580 | Temple   | Entered the Ecumenical Temple
  5866 | Temple   | Became a worshipper of Hepliaklqana the Forgotten
  7113 | D:6      | Noticed Blork the orc
  7191 | D:6      | Slain by a sky beast

Illustrated notes

Levels and vault maps discovered:
D:1:      minmay_arrival_split_and_join, layout_loops_cross,
          hellmonk_ecumenical_altar_prayer_group, serial_forest,
          infiniplex_forest_straight_3, infiniplex_forest_zigzag_1,
          infiniplex_forest_pool, infiniplex_forest_lined_corner,
          infiniplex_forest_clump_small, infiniplex_forest_lined_3_way
D:2:      wander_river, layout_loops_cross, uniq_jessica
D:3:      layout_loops_cross
D:4:      layout_cave_pools, kennysheep_little_box, uniq_robin
D:5:      layout_basic, temple_statues
D:6:      layout_basic, mainiacjoe_overflow_concentric_impassable, serial_shops,
          nicolae_shop_waterfront, uniq_blork_the_orc
Temple:   minmay_temple_curvy_branch

Skill      XL: |  1  2  3  4  5  6  7 |
---------------+----------------------+-----
Spellcasting   | 5 |  5.8
Invocations    | 1 2 3 |  3.1
Short Blades   | 1 2 |  2.8
Long Blades    | 1 2 |  2.8
Axes           | 1 2 |  2.8
Maces & Flails | 1 2 |  2.8
Staves         | 1 2 |  2.8
Slings         | 1 2 |  2.8
Bows           | 1 2 |  2.8
Crossbows      | 1 2 |  2.8
Stealth        | 1 2 |  2.8
Shields        | 1 2 |  2.8
Unarmed Combat | 1 2 |  2.8
Evocations     | 1 2 |  2.8
Conjurations   | 1 2 |  2.3
Hexes          | 1 2 |  2.3
Summonings     | 1 2 |  2.3
Necromancy     | 1 2 |  2.3
Transmutations | 1 2 |  2.3
Fire Magic     | 1 2 |  2.3
Ice Magic      | 1 2 |  2.3
Air Magic      | 1 2 |  2.3
Earth Magic    | 1 2 |  2.3
Poison Magic   | 1 2 |  2.3
Throwing       | 3 |  3.9
Armour         | 3 |  3.9
Fighting       | 5 |  5.4
Polearms       | 5 |  5.4
Dodging        | 5 |  5.4
Translocations | |  5.9

Action                   |  1- 3 |  4- 6 |  7- 9 || total
-------------------------+-------+-------+-------++-------
Melee: Spear             |   151 |   222 |   111 ||   484
       Bite              |    11 |    22 |    11 ||    44
Throw: Dart              |    11 |    42 |    22 ||    75
       Stone             |     5 |    16 |       ||    21
       Boomerang         |       |    10 |       ||    10
 Cast: Teleport Other    |     1 |     1 |       ||     2
       Blink             |       |    10 |     3 ||    13
       Animate Skeleton  |       |     2 |       ||     2
 Stab: Sleeping          |     2 |     1 |     2 ||     5
Armor: Leather armour    |    19 |    24 |    18 ||    61
Dodge: Dodged            |    57 |    78 |    36 ||   171
Block: Buckler           |    12 |    78 |    38 ||   128
       Other             |     2 |       |       ||     2
       Reflection        |     1 |     1 |     2 ||     4
